 Dungeon Crawl Stone Soup version 0.25.1-2-g60ff931df9 (webtiles) character file.

Game seed: 7048856127262977824

3453 hehateme the Grappler (level 9, -11/88 HPs)
             Began as a Troll Berserker on Oct 29, 2020.
             Was an Elder of Trog.
             Mangled by a hornet (17 damage)
             ... on level 8 of the Dungeon.
             The game lasted 00:41:20 (8801 turns).

hehateme the Grappler (Troll Berserker)             Turns: 8801, Time: 00:41:22

Health: -11/88     AC:  8    Str: 30    XL:     9   Next: 78%
Magic:  8/8        EV:  9    Int:  3    God:    Trog [****..]
Gold:   493        SH:  9    Dex:  9    Spells: 8/8 levels left

rFire    . . .     SeeInvis .     - Unarmed
rCold    . . .     Gourm    +   C - +0 kite shield
rNeg     . . .     Faith    .   g - +2 robe
rPois    .         Spirit   .   (helmet restricted)
rElec    .         Reflect  .   (no cloak)
rCorr    .         Harm     .   (gloves unavailable)
MR       .....                  (boots unavailable)
Stlth    +.........             (no amulet)
HPRegen  0.64/turn              (no ring)
MPRegen  0.11/turn              (no ring)

@: lethally poisoned (-11 -> -23), berserk cooldown, slowed, very slow
A: large, unfitting armour, claws 3, fast metabolism 3, gourmand, regeneration
1, shaggy fur 1, tough skin 3
a: Berserk, Trog's Hand, Brothers in Arms, Renounce Religion


You were on level 8 of the Dungeon.
You worshipped Trog.
Trog was greatly pleased with you.
You were near starving.

You visited 1 branch of the dungeon, and saw 9 of its levels.

You collected 493 gold pieces.

Inventory:

Armour
 a - a +0 animal skin
 g - a +2 robe (worn)
 C - a +0 kite shield (worn)
Jewellery
 d - a cursed ring of wizardry {unknown}
 r - a cursed ring of attention
Wands
 B - a wand of acid (9)
Scrolls
 c - 2 scrolls of magic mapping
 e - a scroll of enchant weapon
 f - 4 scrolls of immolation
 h - a scroll of random uselessness
 i - a scroll of blinking {unknown}
 m - 2 scrolls of remove curse
 t - a scroll of fear
 u - a scroll of amnesia
 v - a scroll of teleportation {unknown}
 y - 2 scrolls of enchant armour
 D - a scroll of noise {unknown}
Potions
 j - 3 potions of flight
 k - a potion of might
 l - a potion of degeneration
 n - a potion of ambrosia
 o - a potion of curing
 p - a potion of cancellation
 q - a potion of mutation
 s - a potion of stabbing
 w - a potion of lignification
 x - a potion of magic
 E - a potion of resistance {unknown}
Comestibles
 b - 10 rations


   Skills:
 * Level 5.1 Fighting
 + Level 6.0 Dodging
 - Level 1.5 Stealth
 + Level 2.0 Shields
 + Level 10.7 Unarmed Combat


You had 8 spell levels left.
You didn't know any spells.
Your spell library was empty.

Dungeon Overview and Level Annotations

Branches:
Dungeon (9/15)             Temple (0/1) D:7
   Lair: D:8-11         Orc: D:9-12

Altars:
Elyvilon
Nemelex Xobeh
Okawaru
Qazlal
The Shining One

Annotations:
D:2 1 runed translucent door, Crazy Yiuf
D:7 exclusion: downstairs
D:8 Gastronok
D:9 1 transporter


Innate Abilities, Weirdness & Mutations

You are too large for most types of armour.
You have claws for hands.
Your metabolism is lightning-fast.
You like to eat raw meat.
Your natural rate of healing is unusually fast.
You are covered in fur. (AC +1)
You have extremely tough skin. (AC +3)


Message History

* * * LOW HITPOINT WARNING * * *
You are poisoned.
You feel as though you will be slow longer.
You can move again.
Okay, then.
As you read the scroll of fear, it crumbles to dust.
You assume a fearsome visage.
The hornet resists with some effort.
You feel sick. The hornet stings you!
* * * LOW HITPOINT WARNING * * *
You are more poisoned.
You feel as though you will be slow longer.
The hornet barely misses you.
You miss the hornet.
The hornet is heavily wounded.
You feel sick. The hornet stings you!
* * * LOW HITPOINT WARNING * * *
You are lethally poisoned!
You feel as though you will be slow longer.
The hornet stings you!
You die...

#...#................>....##
#..................##......#
.....#.................#..###
...####...###.........##....##
#)## #... #######..####....#
#(## #.. #.#.# #....###...###
.(.# ... #.#.##...####.....#
...#...[ #y#.............##
......... #@##.##.....#.##
........# ####.##.##.####
.(.(....# .######## $..##..##
.# ..## .... .. ..# ... .. ..#
.. #.. ... ...


You could see a hornet.

Vanquished Creatures
  A hornet (D:8)
  A soldier ant (D:8)
  An orc warrior (D:8)
  A black bear (D:7)
  An ice beast (D:6)
  4 sky beasts
  2 ogres
  3 centaurs
  2 phantoms
  A bullfrog (D:6)
  A gnoll sergeant (D:5)
  3 scorpions
  A howler monkey (D:4)
  An electric eel (D:6)
  3 crimson imps
  2 jellies
  3 hounds
  3 orc priests
  2 bullfrog skeletons (D:5)
  10 orc wizards
  A centaur skeleton (D:5)
  5 iguanas
  9 worker ants
  5 gnolls
  8 adders
  2 shadow imps
  2 oozes
  3 worms
  2 dart slugs
  2 leopard geckos
  20 orcs
  7 giant cockroaches
  7 goblins
  3 hobgoblins
  8 jackals
  2 quokkas
  A ball python (D:2)
  6 bats
  2 frilled lizards
  A jackal skeleton (D:4)
  9 kobolds
  A leopard gecko skeleton (D:4)
  A leopard gecko zombie (D:7)
  A quokka skeleton (D:6)
  12 rats
166 creatures vanquished.

Vanquished Creatures (others)
  Maggie (D:8)
1 creature vanquished.

Grand Total: 167 creatures vanquished

Notes
Turn   | Place    | Note
-------+----------+-------------------------------------------
     0 | D:1      | hehateme the Troll Berserker began the quest for the Orb.
     0 | D:1      | Reached XP level 1. HP: 22/22 MP: 0/0
   287 | D:1      | Reached XP level 2. HP: 29/29 MP: 1/1
  1092 | D:2      | Reached XP level 3. HP: 34/36 MP: 2/2
  1242 | D:2      | Reached ** piety under Trog
  1703 | D:2      | Found a runed translucent door.
  1704 | D:2      | Noticed Crazy Yiuf
  1914 | D:3      | Reached XP level 4. HP: 45/45 MP: 3/3
  1961 | D:3      | Reached skill level 4 in Unarmed Combat
  2249 | D:3      | Reached XP level 5. HP: 53/53 MP: 4/4
  3029 | D:4      | Reached skill level 5 in Unarmed Combat
  3180 | D:4      | Reached XP level 6. HP: 55/61 MP: 5/5
  3216 | D:5      | Entered Level 5 of the Dungeon
  3894 | D:4      | Reached skill level 6 in Unarmed Combat
  3894 | D:4      | Reached XP level 7. HP: 67/67 MP: 6/6
  4359 | D:4      | Reached skill level 7 in Unarmed Combat
  4399 | D:5      | Reached *** piety under Trog
  4775 | D:5      | Reached skill level 1 in Stealth
  4861 | D:5      | Reached XP level 8. HP: 78/78 MP: 7/7
  4982 | D:5      | Reached skill level 8 in Unarmed Combat
  5328 | D:5      | Reached skill level 5 in Dodging
  5486 | D:5      | Reached skill level 9 in Unarmed Combat
  5668 | D:6      | Reached **** piety under Trog
  6097 | D:6      | Reached XP level 9. HP: 84/84 MP: 8/8
  6291 | D:6      | Found a glowing golden altar of the Shining One.
  6374 | D:6      | Reached skill level 10 in Unarmed Combat
  6607 | D:6      | Found a white marble altar of Elyvilon.
  6607 | D:6      | Found a stormy altar of Qazlal.
  6710 | D:7      | Found a sparkling altar of Nemelex Xobeh.
  6761 | D:6      | Found an iron altar of Okawaru.
  7364 | D:7      | Found a staircase to the Ecumenical Temple.
  8320 | D:8      | Noticed Gastronok
  8337 | D:8      | Noticed Maggie
  8360 | D:8      | Killed Maggie
  8360 | D:8      | Reached skill level 1 in Shields
  8457 | D:7      | Noticed a rust devil
  8457 | D:7      | Noticed a rust devil
  8631 | D:9      | Found a transporter.
  8780 | D:8      | Reached skill level 5 in Fighting
  8787 | D:8      | Paralysed by a hornet for 1 turns
  8793 | D:8      | Paralysed by a hornet for 2 turns
  8797 | D:8      | Paralysed by a hornet for 3 turns
  8801 | D:8      | Mangled by a hornet

Illustrated notes

Levels and vault maps discovered:
D:1:      psy_arrival_heroes, layout_loops_corners
D:2:      layout_basic, first_ration, kennysheep_donut, uniq_crazy_yiuf_cottage
D:3:      layout_basic
D:4:      wad_pebble_path, layout_loops_corners
D:5:      layout_cave_pools
D:6:      layout_loops_cross, lemuel_crystal_altar, okawaru_trees_2,
          gammafunk_temple_overflow_elements, serial_bayou, serial_bayou_pond_e,
          serial_bayou_pond_d, serial_bayou_lake_a, serial_bayou_pond_c
D:7:      cheibrodos_iron_armory, layout_loops_ring,
          nicolae_overflow_crystal_walls, minmay_temple_entry_slanted,
          eino_curves_04
D:8:      layout_cave_pools, hangedman_pestilent_swarm, uniq_maggie,
          uniq_gastronok
D:9:      layout_gridville, overflow_temple_1_default,
          erik_lair_orcish_takeover, gammafunk_ghost_abyssal_escape,
          serial_shops, nicolae_shop_behind_doors

Skill      XL: |  1  2  3  4  5  6  7  8  9 |
---------------+----------------------------+-----
Dodging        | 3 4 5 6 |  6.0
Fighting       | 3 5 |  5.1
Unarmed Combat | 4 5 6 7 9 10 | 10.7
Stealth        | 1 |  1.5
Shields        | 2 |  2.0

Action                   |  1- 3 |  4- 6 |  7- 9 || total
-------------------------+-------+-------+-------++-------
Melee: Unarmed           |   117 |   105 |   267 ||   489
       Punch             |     1 |     5 |     5 ||    11
Invok: Berserk           |       |     3 |    12 ||    15
       Trog's Hand       |       |       |     4 ||     4
  Use: Scroll            |     2 |     6 |    14 ||    22
       Potion            |       |       |     4 ||     4
  Eat: Chunk             |    22 |    19 |    41 ||    82
       Ration            |       |       |     3 ||     3
Armor: Animal skin       |    18 |       |       ||    18
       Robe              |    34 |    24 |    63 ||   121
Dodge: Dodged            |    67 |    48 |    97 ||   212
Block: Kite shield       |       |       |    18 ||    18
